AoeStats
← El Fantasma de Pancho Villa

Arabia

507873806Analyzed
4v4 RM · 12d ago on Sep 20, 2026· 56m 4s· 8 players
Game mode
Random Map
Map size
Large (8 player)
Population
200
Speed
Normal
Resources
Standard
Victory
Conquest
Starting age
Dark Age
Ending age
Imperial Age
RankedLock teamsTeams togetherTeam positionsShared explorationLock speedFull tech treeHidden civsTurbo modeCheats
Victory
Defeat
🇲🇽 Britons · Mexico
1112
+11
🇺🇸 Cumans · United States
1086
+12
🇲🇽 Magyars · Mexico
946
+18
🇦🇷 Ethiopians · Argentina
920
+20
🇦🇷 Franks · Argentina
1056
-18
🇨🇴 Byzantines · Colombia
1005
-15
🇺🇸 Bohemians · United States
996
-15
🇷🇺 Mongols · Russia
945
-39
erik_k900
0:26 Loom
10:47 Feudal Age
11:31 Double-Bit Axe
22:28 Wheelbarrow
24:05 Castle Age
22:31 Horse Collar
25:59 Elite Skirmisher
38:47 Wheelbarrow
42:55 Imperial Age
40:50 Pikeman
ConejoMalo
10:38 Feudal Age
11:05 Man-at-Arms
14:10 Double-Bit Axe
15:07 Loom
19:48 Padded Archer Armor
19:58 Fletching
24:01 Castle Age
25:29 Bow Saw
29:43 Scale Mail Armor
29:49 Scale Barding Armor
29:48 Horse Collar
29:59 Gold Mining
34:06 Bodkin Arrow
34:04 Elite Skirmisher
37:43 Chain Barding Armor
40:07 Wheelbarrow
42:02 Forging
47:23 Imperial Age
46:42 Iron Casting
47:18 Husbandry
RESPECT
4:38 Loom
15:29 Feudal Age
16:55 Horse Collar
17:04 Double-Bit Axe
23:16 Bloodlines
24:12 Gold Mining
25:34 Stone Mining
27:16 Wheelbarrow
33:14 Castle Age
34:14 Bow Saw
35:30 Gold Shaft Mining
35:33 Stone Shaft Mining
35:05 Heavy Plow
35:43 Wheelbarrow
36:28 Fletching
37:03 Padded Archer Armor
38:15 Wheelbarrow
38:12 Bodkin Arrow
38:32 Leather Archer Armor
50:28 Husbandry
GonzaloMig
3:28 Loom
10:15 Feudal Age
15:36 Castle Age
13:58 Double-Bit Axe
19:53 Scale Barding Armor
21:38 Husbandry
22:28 Chain Barding Armor
24:31 Wheelbarrow
23:42 Town Watch
24:15 Bow Saw
27:13 Forging
27:42 Hand Cart
31:56 Gold Mining
31:57 Stone Mining
33:03 Stone Mining
34:27 Fletching
38:13 Bodkin Arrow
38:28 Murder Holes
38:54 Ballistics
45:11 Pikeman
45:53 Squires
45:39 Gambesons
46:01 Scale Mail Armor
46:36 Iron Casting
mariourigar
9:43 Feudal Age
10:58 Double-Bit Axe
14:46 Arson
18:45 Gold Mining
19:21 Bloodlines
21:53 Horse Collar
25:04 Castle Age
23:28 Scale Mail Armor
23:35 Scale Barding Armor
23:20 Fletching
23:31 Padded Archer Armor
24:49 Wheelbarrow
24:02 Loom
24:03 Town Watch
33:51 Caravan
37:22 Husbandry
36:43 Light Cavalry
40:58 Hand Cart
47:56 Pikeman
49:38 Corvinian Army
Boywars
3:18 Loom
10:09 Feudal Age
11:15 Double-Bit Axe
14:29 Horse Collar
15:04 Fletching
22:00 Castle Age
22:12 Gold Mining
22:25 Padded Archer Armor
22:40 Crossbowman
25:07 Heavy Plow
26:00 Bow Saw
29:55 Bodkin Arrow
30:16 Leather Archer Armor
35:52 Ballistics
36:19 Wheelbarrow
41:30 Imperial Age
40:02 Yeomen
41:34 Arbalester
43:17 Chemistry
44:14 Siege Engineers
51:07 Spies/Treason
El Fantasma de Pancho Villa
5:49 Loom
9:00 Feudal Age
10:52 Double-Bit Axe
16:23 Horse Collar
20:13 Wheelbarrow
25:17 Castle Age
23:36 Bloodlines
23:41 Gold Mining
26:28 Hand Cart
30:41 Imperial Age
28:03 Town Watch
28:38 Scale Barding Armor
28:44 Forging
30:18 Chain Barding Armor
31:39 Iron Casting
31:55 Gold Shaft Mining
31:11 Stone Mining
31:25 Elite Steppe Lancer
33:01 Plate Barding Armor
34:55 Blast Furnace
54:26 Ballistics
55:06 Chemistry
54:02 Murder Holes
53:32 Spies/Treason
KEVINLUCIANO631
9:38 Loom
12:32 Feudal Age
18:03 Castle Age
17:14 Fletching
17:48 Padded Archer Armor
19:04 Bodkin Arrow
19:21 Double-Bit Axe
19:02 Crossbowman
20:55 Bow Saw
Connection lost

Rejoining the realm…

Still unreachable

The connection could not be restored.

Session expired

The server has moved on; the page needs a fresh start.